Map: Goldenaura LE

Players

lurch

  • Race: Zerg Zerg
  • League: Master
  • Spawn Location: 12:00

DrPootytang - Winner!

  • Race: Terran Terran
  • League: Platinum
  • Spawn Location: 5:00

VOD

Have the link to the VOD?

Description

Time

  • Played on: Oct. 27, 2024, 12:37 p.m.
  • Length: 15:22
Show
View Real Time Build Order
Export as new Build Order

lurch Zerg 

Build Orders: Hatch First 

Get SALT Encoding   

  12  0:01  Drone  
  13  0:12  Overlord  
  13  0:16  Drone  
  14  0:30  Drone x2  
  14  0:34  Drone  
  17  0:56  Hatchery  
  16  1:00  Drone  
  17  1:05  Drone  
  17  1:07  Drone  
  19  1:17  Extractor  
  18  1:21  Spawning Pool  
  18  1:24  Drone  
  18  1:28  Drone  
  19  1:42  Drone  
  20  1:51  Drone  
  21  2:03  Drone  
  21  2:05  Evolution Chamber  
  21  2:09  Queen  
  21  2:11  Drone x2  
  21  2:12  Queen  
  27  2:18  Overlord  
  27  2:22  Zergling x2  
  28  2:28  Metabolic Boost  
  28  2:34  Drone  
  28  2:39  Zergling x2  
  28  2:54  Drone x4  
  32  3:09  Lair  
  32  3:11  Drone x2  
  33  3:38  Zerg Melee Weapons Level 1  
  32  3:46  Roach Warren  
  32  3:47  Extractor  
  29  3:54  Drone  
  29  3:55  Drone x2  
  31  3:56  Drone x3  
  31  3:57  Drone  
  31  3:58  Hatchery  
  31  4:02  Overlord x2  
  35  4:06  Drone  
  36  4:32  Roach x3  
  36  4:33  Roach  
  44  4:40  Drone x3  
  44  4:41  Drone x5  
  52  4:49  Hydralisk Den  
  52  4:51  Drone  
  52  4:52  Overlord  
  52  4:53  Evolution Chamber  
  52  5:00  Drone  
  52  5:02  Overlord  
  52  5:12  Extractor  
  52  5:13  Drone  
  52  5:14  Roach  
  54  5:15  Drone  
  55  5:22  Drone x2  
  55  5:23  Hydralisk  
  54  5:35  Drone x2  
  52  5:36  Drone  
  54  5:50  Drone x3  
  54  5:51  Drone x2  
  54  5:53  Queen  
  54  5:54  Hydralisk x2  
  65  6:03  Spore Crawler  
  64  6:08  Spore Crawler  
  64  6:10  Extractor  
  62  6:13  Drone x2  
  64  6:22  Overseer  
  60  6:31  Drone x2  
  60  6:32  Drone x5  
  67  6:33  Drone  
  67  6:38  Hydralisk  
  70  6:46  Drone x2  
  72  6:47  Hydralisk  
  71  7:09  Drone x2  
  71  7:10  Drone x2  
  71  7:13  Overlord x2  
  74  7:18  Zerg Missile Weapons Level 1  
  74  7:19  Zerg Ground Armor Level 1  
  74  7:23  Overlord x2  
  74  7:41  Spore Crawler  
  74  7:42  Hydralisk  
  74  7:43  Hydralisk x4  
  83  7:48  Drone x3  
  83  7:49  Drone x4  
  83  7:51  Hydralisk  
  90  8:00  Hydralisk x3  
  90  8:01  Hydralisk  
  90  8:05  Drone, Hydralisk  
  99  8:06  Hydralisk x2  
  105  8:14  Overlord x2  
  98  8:47  Hydralisk x4  
  98  8:48  Hydralisk x10  
  108  8:57  Hydralisk x2  
  108  9:11  Drone x2, Hydralisk  
  108  9:12  Hydralisk x2  
  108  9:16  Zergling x2  
  105  9:20  Zergling x2  
  100  9:28  Zergling x2  
  100  9:29  Zergling x2  
  102  9:34  Zerg Ground Armor Level 2  
  102  9:43  Drone x4  
  102  9:44  Overlord  
  78  10:02  Zergling x2  
  78  10:03  Zergling x22  
  90  10:10  Zergling x2  
  90  10:11  Zergling x4  
  93  10:23  Zerg Missile Weapons Level 2  
  93  10:25  Grooved Spines  
  93  10:28  Hatchery  
  92  10:38  Zergling x6  
  92  10:39  Zergling x2  
  96  10:47  Extractor  
  96  10:49  Queen  
  86  10:51  Drone  
  86  10:52  Drone  
  86  10:54  Hydralisk  
  86  10:55  Hydralisk x5  
  90  11:08  Hydralisk  
  90  11:09  Hydralisk x2  
  74  11:15  Muscular Augments  
  70  11:26  Zergling x4  
  70  11:27  Zergling x6  
  77  11:40  Roach x4  
  83  12:09  Hydralisk x5  
  86  12:16  Roach x2  
  86  12:17  Roach  
  86  12:28  Extractor  
  81  12:31  Drone x2  
  81  12:32  Overlord x3  
  81  12:33  Drone  
  81  12:34  Drone x2  
  84  12:38  Zerg Melee Weapons Level 2  
  84  12:42  Hydralisk x3  
  86  12:49  Queen  
  88  12:55  Drone x3  
  88  12:56  Drone x5  
  96  13:04  Hydralisk  
  96  13:05  Hydralisk x2  
  102  13:13  Roach  
  104  13:21  Roach  
  104  13:22  Roach x3  
  112  13:31  Hydralisk x2  
  112  13:32  Hydralisk  
  112  13:33  Infestation Pit  
  65  14:44  Spire  
  64  14:53  Zergling x2  
  64  14:54  Zergling x22  
Show
View Real Time Build Order
Export as new Build Order

DrPootytang Terran - Winner!

Build Orders: Reaper Expand 

Get SALT Encoding   

  12  0:00  SCV  
  13  0:12  SCV  
  14  0:17  Supply Depot  
  14  0:24  SCV  
  15  0:38  SCV  
  15  0:39  Barracks  
  16  0:43  Refinery  
  16  0:51  SCV  
  17  1:03  SCV  
  18  1:15  SCV  
  19  1:26  Reaper  
  19  1:27  Orbital Command  
  20  1:40  Command Center  
  20  1:45  Refinery  
  20  1:53  SCV  
  21  1:57  Supply Depot  
  21  2:05  SCV  
  22  2:10  Factory  
  22  2:17  SCV  
  23  2:29  SCV  
  24  2:40  Marine  
  24  2:42  SCV  
  26  2:54  SCV  
  26  2:55  Factory Tech Lab  
  26  2:56  Starport  
  26  2:57  Orbital Command  
  27  2:59  Marine  
  28  3:06  SCV  
  28  3:08  Starport  
  29  3:18  SCV  
  30  3:20  Factory Tech Lab  
  30  3:24  Refinery  
  30  3:31  SCV  
  30  3:32  SCV  
  32  3:43  SCV  
  32  3:44  SCV  
  34  3:57  SCV x2  
  34  4:00  Factory Tech Lab  
  36  4:03  Barracks Tech Lab, Raven x2  
  36  4:09  SCV, Refinery  
  41  4:10  Command Center  
  41  4:25  SCV x2  
  41  4:31  Bunker  
  43  4:32  Command Center  
  43  4:37  SCV  
  44  4:44  Raven  
  46  4:52  Supply Depot x2  
  46  5:11  Factory Tech Lab  
  50  5:14  SCV x2, Raven  
  50  5:16  Barracks Tech Lab  
  50  5:26  SCV  
  50  5:27  SCV  
  52  5:33  Raven  
  54  5:38  Starport  
  54  5:39  Engineering Bay  
  54  5:40  Starport  
  54  5:41  SCV x2, Armory  
  54  5:42  Armory  
  56  5:44  SCV  
  56  5:46  Refinery  
  57  5:53  SCV  
  57  5:55  Refinery  
  58  5:59  Command Center  
  58  6:01  SCV  
  58  6:02  SCV  
  58  6:03  Raven  
  62  6:22  Raven x2  
  62  6:23  Raven  
  68  6:26  SCV x3  
  71  6:33  SCV  
  71  6:37  Command Center  
  71  6:38  SCV x3  
  76  6:48  Planetary Fortress  
  76  6:50  Planetary Fortress  
  75  6:55  SCV  
  75  6:57  SCV  
  75  7:01  Refinery  
  77  7:05  Refinery  
  77  7:06  Raven x2  
  81  7:12  SCV  
  81  7:13  SCV  
  81  7:14  Planetary Fortress  
  83  7:19  Neosteel Armor  
  83  7:24  SCV  
  83  7:26  SCV x2  
  83  7:27  Supply Depot, SCV  
  83  7:28  Supply Depot  
  87  7:37  SCV  
  88  7:49  SCV x2, Raven x2  
  88  7:50  SCV x2  
  96  7:54  Missile Turret  
  96  7:55  Missile Turret  
  96  7:58  SCV  
  96  8:01  Orbital Command, SCV  
  96  8:02  SCV x2  
  100  8:08  SCV  
  100  8:10  SCV  
  100  8:11  Supply Depot  
  102  8:13  SCV  
  102  8:14  SCV  
  102  8:15  Sensor Tower  
  102  8:17  Raven  
  102  8:18  SCV  
  107  8:20  SCV  
  107  8:21  Terran Ship Weapons Level 1  
  107  8:23  Refinery  
  107  8:24  Command Center  
  107  8:25  Terran Vehicle And Ship Armor Level 1, SCV  
  107  8:26  Missile Turret, SCV  
  110  8:28  Refinery  
  109  8:50  Raven  
  109  8:51  Raven  
  109  8:52  Raven x2  
  117  9:01  Starport  
  117  9:02  Starport  
  117  9:03  SCV x5  
  117  9:04  SCV  
  123  9:26  SCV x5  
  128  9:32  SCV  
  129  9:46  Raven x4  
  129  9:47  Starport Tech Lab  
  129  9:48  Starport Tech Lab  
  137  9:53  Planetary Fortress  
  137  9:55  Command Center, Refinery  
  137  9:57  Missile Turret  
  137  9:59  Refinery  
  137  10:10  Raven x2  
  141  10:15  Missile Turret, Command Center  
  141  10:20  Missile Turret x3, Raven  
  141  10:21  Missile Turret, Raven x2  
  147  10:22  Missile Turret  
  147  10:24  Missile Turret, SCV x2  
  147  10:25  SCV x2  
  151  10:30  Command Center  
  151  10:33  Missile Turret  
  151  10:34  Missile Turret  
  151  10:50  Raven  
  151  10:51  Raven x2  
  151  10:55  Raven  
  151  10:56  Supply Depot  
  159  10:58  Supply Depot x2  
  159  11:18  Hi-Sec Auto Tracking  
  159  11:19  Terran Ship Weapons Level 2, Terran Vehicle And Ship Armor Level 2  
  159  11:21  Raven  
  161  11:27  Starport  
  161  11:28  Starport  
  161  11:29  Starport x2  
  161  11:37  Starport  
  161  11:38  Starport  
  161  11:41  Starport  
  161  11:43  Starport  
  161  11:50  Planetary Fortress  
  161  11:53  Missile Turret  
  161  11:54  Missile Turret  
  161  11:56  Missile Turret x2  
  161  12:15  Terran Infantry Armor Level 1  
  161  12:28  Planetary Fortress  
  161  12:33  Missile Turret  
  161  12:34  Missile Turret x2  
  161  12:35  Missile Turret  
  161  12:45  Missile Turret  
  161  12:46  Missile Turret  
  161  12:50  Missile Turret x2  
  161  12:56  Sensor Tower  
  161  12:58  Missile Turret  
  161  13:04  Starport Tech Lab x3  
  161  13:05  Starport Tech Lab x5  
  161  13:07  Raven x6  
  161  13:10  Command Center  
  173  13:15  Command Center  
  173  13:17  Missile Turret x2  
  173  13:18  Planetary Fortress  
  173  13:21  Missile Turret  
  173  13:22  Sensor Tower  
  173  13:31  Raven x6  
  173  13:32  Raven x2  
  189  13:37  Missile Turret  
  189  13:41  Raven x2  
  191  13:42  Missile Turret  
  191  13:44  Missile Turret  
  193  14:20  Command Center, Refinery  
  193  14:22  Refinery  
  193  14:26  Missile Turret  
  193  14:32  Planetary Fortress  
  193  14:36  Raven  
  193  14:37  Raven x2  
  199  14:46  Command Center  
  199  14:57  Missile Turret  
  199  15:00  Missile Turret  
  199  15:20  Missile Turret  
  199  15:21  Missile Turret x2  
Tags
 
Add a new tag
Caveats
  • Supply blocks, unpowered buildings, or Contaminate may cause inaccurate times.
  • Supply counts are checked every 10 seconds.